Map: 에버 드림 - 래더

Players

Denver

  • Race: Zerg Zerg
  • Spawn Location: 1:00

Solar - Winner!

  • Race: Zerg Zerg
  • Spawn Location: 7:00

Event: StayAtHomestory Cup #2

VOD

Have the link to the VOD?

Description

Time

  • Played on: June 12, 2020, 9:12 a.m.
  • Length: 9:48

All games in this series

Show
View Real Time Build Order
Export as new Build Order

Denver Zerg 

Build Orders: Hatch First 

Get SALT Encoding   

  12  0:00  Drone  
  13  0:13  Overlord  
  13  0:18  Drone  
  14  0:32  Drone x2  
  16  0:48  Hatchery  
  15  0:52  Drone  
  15  0:56  Drone  
  17  0:59  Drone  
  18  1:10  Extractor  
  17  1:14  Spawning Pool  
  17  1:16  Drone  
  17  1:21  Drone  
  18  1:31  Drone  
  19  1:40  Drone  
  20  1:51  Drone  
  21  2:01  Queen x2, Overlord  
  21  2:02  Zergling x2  
  26  2:11  Metabolic Boost  
  26  2:13  Drone x2  
  28  2:22  Zergling x2  
  29  2:24  Drone  
  30  2:33  Hatchery  
  30  2:36  Drone  
  30  2:38  Drone  
  32  2:44  Drone x2  
  32  2:49  Baneling Nest  
  32  2:55  Overlord  
  32  2:56  Drone  
  33  3:05  Drone  
  34  3:10  Zergling x4  
  36  3:13  Drone x4  
  36  3:17  Overlord  
  40  3:20  Drone  
  40  3:22  Zergling x2  
  42  3:29  Evolution Chamber  
  42  3:30  Drone  
  42  3:32  Queen  
  44  3:38  Drone  
  44  3:43  Drone x5  
  44  3:47  Baneling x2  
  44  3:48  Drone  
  50  3:49  Drone  
  50  3:52  Overlord  
  50  3:54  Drone  
  52  3:57  Zerg Missile Weapons Level 1  
  52  3:59  Drone  
  53  4:04  Drone  
  53  4:05  Drone x2  
  56  4:10  Extractor x2  
  56  4:11  Drone  
  56  4:12  Drone  
  56  4:14  Drone  
  56  4:15  Drone x2  
  58  4:18  Drone x2  
  58  4:22  Lair  
  60  4:25  Drone  
  60  4:28  Overlord  
  61  4:32  Drone x2, Roach Warren  
  62  4:42  Overlord  
  62  4:43  Drone x4  
  65  4:45  Extractor  
  65  4:46  Overlord  
  65  4:48  Drone x3  
  65  4:52  Pneumatized Carapace, Extractor  
  66  4:53  Drone  
  66  4:54  Extractor  
  66  4:57  Drone x2  
  66  4:58  Drone  
  66  4:59  Drone x2  
  71  5:03  Drone  
  73  5:07  Drone x2  
  74  5:14  Drone x2  
  74  5:17  Drone  
  74  5:19  Hatchery  
  74  5:20  Roach x3  
  82  5:21  Roach  
  82  5:24  Overseer  
  82  5:27  Zergling x8  
  88  5:29  Roach  
  88  5:32  Glial Reconstitution  
  89  5:37  Evolution Chamber  
  89  5:39  Overlord  
  89  5:41  Overlord  
  87  5:51  Drone  
  87  5:52  Queen  
  88  5:59  Overlord  
  88  6:02  Drone x2  
  88  6:03  Queen  
  92  6:05  Roach x5  
  92  6:09  Overlord  
  102  6:14  Overlord x2  
  102  6:16  Roach x2  
  102  6:18  Overseer x2  
  105  6:21  Zerg Missile Weapons Level 2  
  105  6:22  Unknown  
  105  6:23  Roach x3  
  105  6:25  Roach, Zerg Ground Armor Level 1  
  112  6:31  Roach x3  
  118  6:36  Roach  
  118  6:37  Roach x3  
  118  6:39  Overlord  
  126  6:43  Roach x3  
  132  6:48  Roach x3  
  132  6:52  Overlord  
  132  6:53  Overlord  
  138  6:55  Roach  
  138  6:59  Ravager x3  
  143  7:03  Roach x4  
  143  7:07  Overlord x2  
  151  7:11  Overlord  
  151  7:12  Roach x2  
  155  7:16  Roach x2  
  155  7:18  Overlord  
  155  7:21  Overlord  
  159  7:23  Roach  
  159  7:24  Roach  
  159  7:26  Overlord  
  159  7:29  Roach  
  167  7:30  Roach  
  167  7:31  Roach  
  169  7:39  Roach x5  
  179  7:45  Roach x4  
  187  7:56  Roach x6  
  196  8:02  Ravager x3  
  196  8:03  Ravager  
  198  8:08  Infestation Pit  
  197  8:22  Infestation Pit  
  197  8:25  Burrow  
  184  8:59  Roach x19  
  192  9:03  Roach  
  192  9:04  Roach x8  
  186  9:17  Roach x7  
  200  9:25  Hatchery  
  200  9:29  Roach x6  
Show
View Real Time Build Order
Export as new Build Order

Solar Zerg - Winner!

Build Orders: Hatch First 

Get SALT Encoding   

  12  0:01  Drone  
  13  0:12  Overlord  
  13  0:17  Drone  
  14  0:31  Drone x2  
  16  0:49  Hatchery  
  15  0:51  Drone  
  15  0:55  Drone  
  17  0:57  Drone  
  18  1:09  Extractor  
  17  1:13  Spawning Pool  
  17  1:16  Drone  
  17  1:20  Drone  
  18  1:28  Drone  
  19  1:39  Drone  
  20  1:50  Drone  
  21  2:00  Queen x2  
  25  2:01  Zergling x2  
  25  2:02  Overlord  
  26  2:13  Metabolic Boost, Drone x2  
  30  2:22  Drone x2  
  30  2:35  Hatchery  
  30  2:36  Drone  
  30  2:38  Drone  
  30  2:44  Drone  
  32  2:49  Overlord  
  32  2:53  Baneling Nest  
  32  2:55  Zergling x2  
  32  2:56  Drone  
  33  3:07  Drone x2  
  33  3:11  Drone  
  33  3:12  Drone x5  
  41  3:19  Overlord  
  41  3:22  Zergling x2  
  41  3:23  Evolution Chamber  
  41  3:29  Zergling x2  
  41  3:31  Zergling x2  
  43  3:39  Overlord  
  42  3:43  Queen  
  42  3:46  Drone x4  
  42  3:47  Zergling x2  
  49  3:49  Drone x3  
  49  3:55  Zerg Missile Weapons Level 1, Overlord  
  52  3:58  Drone  
  52  4:00  Drone  
  54  4:06  Drone  
  54  4:09  Drone  
  56  4:10  Baneling, Roach Warren  
  56  4:12  Zergling x2  
  56  4:14  Drone x2  
  56  4:15  Drone  
  59  4:19  Overlord  
  59  4:23  Drone, Lair  
  61  4:24  Drone  
  61  4:27  Extractor x2  
  61  4:29  Drone, Roach Warren  
  60  4:33  Zergling x4  
  62  4:39  Drone  
  62  4:41  Overlord  
  63  4:46  Drone x4  
  63  4:49  Drone x4  
  63  4:52  Drone  
  72  4:53  Drone x2  
  72  4:54  Pneumatized Carapace  
  72  4:58  Drone  
  72  4:59  Drone  
  75  5:01  Overlord  
  75  5:02  Extractor x2  
  75  5:06  Drone x2  
  75  5:13  Extractor  
  75  5:14  Overlord  
  74  5:18  Drone x2  
  76  5:28  Hatchery  
  76  5:30  Drone x3  
  76  5:31  Glial Reconstitution  
  76  5:32  Drone x2  
  76  5:34  Drone  
  81  5:35  Overseer x2  
  81  5:38  Overlord  
  81  5:44  Overlord  
  81  5:45  Roach x2  
  81  5:46  Roach x2  
  87  5:50  Roach x5  
  87  5:54  Evolution Chamber  
  93  6:03  Overlord  
  92  6:06  Roach x8  
  92  6:10  Drone  
  92  6:11  Spore Crawler  
  107  6:13  Overlord  
  107  6:14  Overlord  
  107  6:22  Drone  
  107  6:23  Roach x2  
  112  6:30  Drone x2  
  112  6:32  Roach x5  
  124  6:36  Overlord  
  124  6:37  Roach x3  
  130  6:41  Unknown  
  130  6:42  Roach x2  
  130  6:44  Queen  
  130  6:47  Zerg Missile Weapons Level 2  
  135  6:48  Drone x2, Zerg Ground Armor Level 1  
  135  6:49  Drone  
  135  6:51  Drone  
  139  6:55  Roach  
  139  6:57  Overlord  
  139  6:59  Overlord  
  141  7:02  Roach x4  
  141  7:04  Overlord  
  149  7:09  Drone  
  149  7:10  Roach x2  
  149  7:13  Spire  
  153  7:16  Ravager  
  153  7:17  Ravager x2  
  153  7:18  Ravager  
  153  7:19  Overlord  
  153  7:20  Roach x2  
  153  7:21  Roach  
  163  7:26  Roach x3  
  163  7:27  Roach  
  167  7:38  Queen  
  180  7:44  Roach x6  
  180  7:46  Roach  
  180  7:47  Roach  
  180  7:50  Drone  
  180  7:51  Drone  
  186  7:52  Drone  
  186  7:53  Overlord  
  186  7:57  Overlord  
  185  8:03  Drone x4  
  185  8:05  Drone  
  188  8:11  Roach x6  
  200  8:36  Overlord  
  200  8:45  Mutalisk  
  200  8:49  Mutalisk x4  
  198  8:56  Mutalisk x3  
  198  9:01  Mutalisk  
  198  9:02  Mutalisk x8  
  196  9:05  Roach x3  
  196  9:07  Roach  
  196  9:08  Queen  
  200  9:16  Roach x2  
  200  9:26  Roach  
  200  9:27  Roach x2  
Tags
 
Add a new tag
Caveats
  • Supply blocks, unpowered buildings, or Contaminate may cause inaccurate times.
  • Supply counts are checked every 10 seconds.